 Dungeon Crawl Stone Soup version 0.30-a0-1050-g2766ea1e55 (webtiles) character file.

Game seed: 14353895397762390487

93304 Ic0nGaming the Bludgeoner (level 16, -4/99 HPs)
             Began as a Kobold Fighter on Apr 11, 2023.
             Was a High Priest of Makhleb.
             Shot with an arrow by a centaur warrior (16 damage)
             ... on level 14 of the Dungeon.
             The game lasted 01:19:46 (31855 turns).

Ic0nGaming the Bludgeoner (Kobold Fighter)         Turns: 31855, Time: 01:19:47

Health: -4/99      AC: 21    Str: 20    XL:     16   Next: 56%
Magic:  20/20      EV:  8    Int: 11    God:    Makhleb [*****.]
Gold:   385        SH: 16    Dex: 14    Spells: 15/15 levels left

rFire   . . .      SeeInvis .    k - +7 flail (freeze)
rCold   + . .      Faith    .    h - +5 kite shield
rNeg    + . .      Spirit   .    e - +2 chain mail {rF+}
rPois   +          Reflect  .    q - +0 helmet
rElec   .          Rampage  .    b - +2 cloak
rCorr   .                        y - +0 pair of gloves
Will    +....                    M - +0 pair of boots Stlth
                                 K - amulet of Vitality {RegenMP++ Regen++}
HPRegen 1.96/turn                v - ring "Gaagoamah" {rPois rN+}
MPRegen 0.97/turn                m - ring of ice

@: no status effects
A: small, no large weapons, nightstalker 3
a: Renounce Religion, Minor Destruction, Lesser Servant of Makhleb, Major
Destruction, Greater Servant of Makhleb


You were on level 14 of the Dungeon.
You worshipped Makhleb.
Makhleb was extremely pleased with you.
You visited 4 branches of the dungeon, and saw 22 of its levels.
You also visited: Ossuary.

You collected 2419 gold pieces.
You spent 2034 gold pieces at shops.

Inventory:

Hand Weapons
 k - a +7 flail of freezing (weapon)
 G - a +0 eveningstar
Missiles
 D - 2 boomerangs of dispersal
Armour
 b - a +2 cloak (worn)
 e - a +2 chain mail of fire resistance (worn)
 h - a +5 kite shield (worn)
 q - a +0 helmet (worn)
 y - a +0 pair of gloves (worn)
 M - a +0 pair of boots (worn)
Jewellery
 c - the ring "Bijeg" {+Blink rC- rCorr Int+3 SInv}
   (You found it on level 13 of the Dungeon)

   [ring of resist corrosion]

   Int:       It affects your intelligence (+3).
   rC:        It makes you vulnerable to cold.
   SInv:      It lets you see invisible.
   +Blink:    It lets you blink.
   rCorr:     It protects you from acid and corrosion.
 f - a ring of fire
 m - a ring of ice (right hand)
 v - the ring "Gaagoamah" (left hand) {rPois rN+}
   (You took it off a kobold on level 4 of the Dungeon)

   [ring of positive energy]

   rPois:     It protects you from poison.
   rN:        It protects you from negative energy.
 B - a +4 ring of protection
 F - a ring of see invisible
 K - the amulet of Vitality (around neck) {RegenMP++ Regen++}
   (You found it on level 5 of the Lair of Beasts)

   [amulet of magic regeneration]

   It increases your rate of magic regeneration.
   Regen:     It increases your rate of health regeneration.
Wands
 n - a wand of charming (11)
 u - a wand of flame (30) (quivered)
 z - a wand of polymorph (10)
 E - a wand of roots (5)
 H - a wand of light (15)
Scrolls
 d - a scroll of magic mapping
 i - a scroll of butterflies
 r - 5 scrolls of teleportation
 x - 4 scrolls of fog
 C - a scroll of blinking
Potions
 a - a potion of lignification
 g - 4 potions of mutation
 j - 2 potions of magic
 l - 3 potions of ambrosia
 p - 3 potions of haste
 s - 2 potions of flight
 t - 5 potions of attraction
 w - a potion of resistance
 A - 3 potions of brilliance
 N - 2 potions of cancellation
Miscellaneous
 I - a phantom mirror
 J - a phantom mirror


   Skills:
 - Level 10.9 Fighting
 - Level 16.0 Maces & Flails
 + Level 9.8 Armour
 + Level 9.8 Shields
 - Level 5.6 Invocations
 - Level 15.0 Evocations


You had 15 spell levels left.
You didn't know any spells.
Your spell library contained the following spells:

 Spells                   Type           Power      Damage    Failure   Level
 Magic Dart               Conj           0%         1d3       100%        1
 Poisonous Vapours        Pois/Air       0%         N/A       100%        2
 Scorch                   Fire           0%         2d5       100%        2
 Searing Ray              Conj           0%         2d4       100%        2
 Dazzling Flash           Conj/Hex       0%         N/A       100%        3
 Mephitic Cloud           Conj/Pois/Air  0%         N/A       100%        3
 Volatile Blastmotes      Fire/Tloc      0%         2d10      100%        3
 Animate Armour           Summ/Erth      0%         N/A       100%        4
 Animate Dead             Necr           0%         N/A       100%        4
 Flame Wave               Conj/Fire      0%         2d4       100%        4
 Fulminant Prism          Conj/Hex       0%         3d5       100%        4
 Iskenderun's Mystic Bla  Conj/Tloc      0%         2d3       100%        4
 Agony                    Necr           0%         N/A       100%        5
 Blade Hands              Tmut           0%         N/A       100%        5
 Freezing Cloud           Conj/Ice/Air   0%         6-21      100%        5
 Lee's Rapid Deconstruct  Erth           0%         3d4*      100%        5
 Silence                  Hex/Air        0%         N/A       100%        5
 Iron Shot                Conj/Erth      0%         9d1       100%        6
 Summon Cactus Giant      Summ           0%         N/A       100%        6
 Haunt                    Necr/Summ      0%         N/A       100%        7
 Infestation              Necr           0%         N/A       100%        8
 Shatter                  Erth           0%         3d5*      100%        9


Dungeon Overview and Level Annotations

Branches:
Dungeon (14/15)            Temple (1/1) D:4            Lair (5/5) D:9
 Shoals (0/4) Lair:2        Snake (0/4) Lair:2        Slime (0/5) Lair:4
    Orc (2/2) D:12            Elf (0/3) Orc:2        Vaults (0/5) D:13
Ossuary (visited)

Altars:
Ashenzari
Cheibriados
Dithmenos
Elyvilon
Fedhas
Gozag
Hepliaklqana
Kikubaaqudgha
Makhleb
Nemelex Xobeh
Okawaru
Qazlal
Ru
Sif Muna
Trog
Uskayaw
Vehumet
Wu Jian
Xom
Yredelemnul
Zin
The Shining One

Shops:
D:6 [   Orc:2 **[:(

Annotations:
D:2 1 runed translucent door, Crazy Yiuf
D:3 3 runed translucent doors
D:9 4 transporters
D:13 2 transporters
Lair:2 2 transporters, anet's ghost, journeyman MiBe
Lair:4 1 runed translucent door
Lair:5 exclusion: oklob plant


Innate Abilities, Weirdness & Mutations

You are small and have problems with some larger weapons.
You are completely attuned to the shadows.


Message History

Something smites you!
* * * LOW HITPOINT WARNING * * *
The centaur warrior wields a +0 shortbow.
The centaur warrior shoots an arrow.
You block the arrow. You block the meliai's attack. The meliai stings you!
* * * LOW HITPOINT WARNING * * *
The centaur warrior shoots an arrow.
The arrow hits the deep elf zephyrmancer!
The meliai mumbles some strange prayers to its god against you.
Something smites you!
* * * LOW HITPOINT WARNING * * *
The centaur warrior shoots an arrow.
The arrow closely misses the deep elf zephyrmancer.
You block the arrow.
Aiming: Bolt of Light
Press: ? - help, Shift-Dir - straight line, f/p - meliai
Aim: a meliai, wielding a +0 hand axe and wearing a +0 robe (severely wounded, 64% to hit)
The bolt of light misses the deep elf zephyrmancer.
The bolt of light hits the meliai!!
You kill the meliai!
Makhleb accepts your kill.
The deep elf zephyrmancer points at you and mumbles some strange words.
The bolt of lightning hits you!
* * * LOW HITPOINT WARNING * * *
You hear a shout!
Okay, then.
Aiming: Bolt of Light
Press: ? - help, Shift-Dir - straight line, f - troll
Aim: a troll (76% to hit)
The bolt of light hits the deep elf zephyrmancer!
You kill the deep elf zephyrmancer!
Makhleb accepts your kill.
You feel better.
The bolt of light hits the centaur warrior!!!
The centaur warrior is almost dead.
The bolt of light hits the troll!!
The troll is severely wounded.
The troll is blinded.
The centaur warrior shoots an arrow.
You block the arrow.
The centaur warrior shoots an arrow.
The arrow hits you!
You die...

### ###C..### ##.##
##.##C...# ##...##
##...##.C.. T #.§...#
#.....#....
y.##...§.#####.....##†..
....e..............)(...
..##§Q...[.##....##)####
# #.#####.##..####.#
####Tc)@...##.......#
......#######.#######
.####.# #.# .... #.#
#..... #.# ...... #.#
#.# #.#### #....#


You could see a centaur warrior (blind) and a troll (blind).

Vanquished Creatures
  2 hydras
  3 vault guards (D:13)
  2 catoblepae (Lair:5)
  A boulder beetle (Lair:4)
  Erica (D:11)
  6 centaur warriors
  A death knight (D:13)
  2 two-headed ogres
  2 death yaks
  Urug (Lair:2)
  Nergalle (D:10)
  7 orc high priests
  Sonja (Lair:3)
  A deep elf knight (D:13)
  4 orc knights
  A wizard (D:13)
  Pikel (D:5)
  A necromancer (D:13)
  A deep elf pyromancer (D:12)
  A deep elf zephyrmancer (D:14)
  2 ugly things
  7 orc sorcerers
  5 manticores
  6 cyclopes
  3 rime drakes
  15 elephants
  3 black mambas
  8 cane toads
  Psyche (D:11)
  2 unseen horrors
  A yaktaur (D:13)
  10 komodo dragons
  A yaktaur (shapeshifter) (D:10)
  A meliai (D:14)
  7 trolls
  2 polar bears
  A snapping turtle (Lair:2)
  4 dream sheep (Lair:3)
  A hornet (D:11)
  26 blink frogs
  9 slime creatures
  A shadow (D:11)
  5 wyverns
  Sigmund (D:4)
  A vampire (D:13)
  5 wraiths
  16 humans (D:13)
  Grum (D:11)
  56 yaks
  2 basilisks (Lair:5)
  A death yak simulacrum (Lair:1)
  2 vampire mosquitoes (D:11)
  Menkaure (D:5)
  A steam dragon (D:8)
  4 acid dragons
  A harpy simulacrum (Lair:1)
  Duvessa (D:5)
  3 wargs
  4 nagas (Lair:2)
  17 water moccasins
  35 orc warriors
  A swamp drake (D:12)
  An ice beast (D:5)
  3 sky beasts
  3 black bears
  7 ogres
  10 wolves
  6 centaurs
  A lemure (D:4)
  A phantom (D:6)
  2 elf zombies (Ossuary)
  3 kobold brigands
  Blork the orc (D:4)
  9 bullfrogs
  3 scorpions
  35 wights
  An elephant simulacrum (Lair:1)
  6 jellies
  Dowan (D:5)
  2 electric eels (Lair:3)
  4 howler monkeys
  20 orc priests
  A gnoll bouda (D:6)
  4 hounds (D:5)
  Jessica (D:2)
  7 iguanas
  27 orc wizards
  2 troll simulacra (Lair:1)
  4 hell rats (Lair:5)
  A spriggan simulacrum (Lair:1)
  A wolf simulacrum (Lair:1)
  5 mummies
  12 adders
  10 gnolls
  3 shadow imps
  A white imp (D:7)
  An ufetubus (D:7)
  An adder zombie (Ossuary)
  A worm (D:2)
  8 dart slugs
  103 orcs
  8 endoplasms
  A giant cockroach (D:4)
  3 gnoll zombies (Ossuary)
  8 goblins
  7 hobgoblins
  2 jackals (D:4)
  4 quokkas
  10 ball pythons
  3 bats (D:3)
  4 frilled lizards
  A goblin zombie (Ossuary)
  20 kobolds
  5 kobold zombies
  An orc zombie (Ossuary)
  3 rats
  A rat zombie (Ossuary)
  A spectral orc (D:10)
708 creatures vanquished.

Vanquished Creatures (collateral kills)
  An orc warlord (Orc:2)
  Josephine (D:11)
  2 hydras
  A two-headed ogre (D:9)
  A catoblepas (Lair:5)
  A boulder beetle (Lair:3)
  4 death yaks
  An ugly thing (D:13)
  An orc sorcerer (Orc:1)
  A manticore (D:13)
  A black mamba (Lair:1)
  2 cane toads (Lair:1)
  2 komodo dragons (Lair:1)
  2 ice devils (Lair:1)
  A rime drake (Lair:1)
  2 trolls
  3 dream sheep (Lair:3)
  A slime creature (D:13)
  7 yaks
  A vampire mosquito (D:11)
  A death yak simulacrum (Lair:1)
  6 orc warriors
  An entropy weaver simulacrum (Lair:1)
  2 orc priests (Orc:2)
  An orc wizard (Orc:1)
  6 orcs
53 creatures vanquished.

Vanquished Creatures (others)
  A frost giant (D:14)
  An orc warrior (Orc:1)
  A wight (D:7)
  An orc wizard (D:12)
  73 fungi
  81 plants
158 creatures vanquished.

Grand Total: 919 creatures vanquished

Notes
Turn   | Place    | Note
-------+----------+-------------------------------------------
     0 | D:1      | Ic0nGaming the Kobold Fighter began the quest for the Orb.
     0 | D:1      | Reached XP level 1. HP: 14/14 MP: 1/1
   111 | D:1      | Reached skill level 2 in Maces & Flails
   209 | D:1      | Reached XP level 2. HP: 18/19 MP: 2/2
   708 | D:2      | Reached skill level 3 in Maces & Flails
   708 | D:2      | Reached XP level 3. HP: 19/23 MP: 3/3
   900 | D:2      | Reached XP level 4. HP: 23/28 MP: 4/4
  1189 | D:2      | Found a runed translucent door.
  1192 | D:2      | Noticed Crazy Yiuf
  1284 | D:2      | Noticed Jessica
  1294 | D:2      | Reached skill level 4 in Maces & Flails
  1303 | D:2      | Killed Jessica
  1304 | D:2      | Reached XP level 5. HP: 9/32 MP: 1/5
  2105 | D:3      | Reached skill level 5 in Maces & Flails
  2236 | D:3      | Found a runed translucent gate.
  2240 | D:3      | Found a runed translucent gate.
  2241 | D:3      | Found a runed translucent gate.
  2701 | D:3      | Reached XP level 6. HP: 37/37 MP: 6/6
  3061 | D:4      | Noticed a black bear
  3278 | D:4      | Noticed Blork the orc
  3287 | D:4      | Killed Blork the orc
  3403 | D:4      | Found a staircase to the Ecumenical Temple.
  3406 | D:4      | Reached skill level 6 in Maces & Flails
  3575 | Temple   | Entered the Ecumenical Temple
  3994 | Temple   | Became a worshipper of Makhleb the Destroyer
  4027 | D:4      | Found a blossoming altar of Fedhas.
  4087 | D:4      | Noticed Sigmund
  4099 | D:4      | Killed Sigmund
  4100 | D:4      | Reached XP level 7. HP: 32/41 MP: 5/7
  4130 | D:5      | Entered Level 5 of the Dungeon
  4185 | D:5      | Reached skill level 7 in Maces & Flails
  4369 | D:5      | Noticed Duvessa
  4369 | D:5      | Noticed Dowan
  4391 | D:5      | Reached XP level 8. HP: 28/46 MP: 8/8
  4533 | D:5      | Killed Duvessa
  4534 | D:5      | Reached skill level 8 in Maces & Flails
  4546 | D:5      | Killed Dowan
  4590 | D:5      | Found a sand-covered staircase.
  4603 | Ossuary  | Entered an ossuary
  4949 | Ossuary  | Reached skill level 9 in Maces & Flails
  5089 | Ossuary  | Reached * piety under Makhleb
  5290 | D:4      | Identified the ring "Gaagoamah" {rPois rN+}
  6038 | D:4      | Reached XP level 9. HP: 40/51 MP: 5/9
  6311 | D:5      | Noticed Menkaure
  6314 | D:5      | Killed Menkaure
  6315 | D:5      | Reached skill level 10 in Maces & Flails
  6616 | D:5      | Noticed Pikel
  6628 | D:5      | Killed Pikel
  6765 | D:6      | Reached skill level 11 in Maces & Flails
  7170 | D:6      | Found Qimed's Armour Boutique.
  7243 | D:6      | Reached ** piety under Makhleb
  7273 | D:6      | Reached skill level 12 in Maces & Flails
  7347 | D:6      | Reached XP level 10. HP: 53/56 MP: 8/10
  9524 | D:7      | Reached *** piety under Makhleb
 11189 | D:9      | Reached XP level 11. HP: 60/60 MP: 9/11
 11213 | D:9      | Reached skill level 5 in Armour
 11213 | D:9      | Reached skill level 5 in Shields
 11425 | D:9      | Reached **** piety under Makhleb
 12179 | D:9      | Found a transporter.
 12213 | D:9      | Found a transporter.
 12339 | D:9      | Found a staircase to the Lair.
 12450 | D:9      | Noticed a centaur warrior
 12458 | D:9      | Killed a centaur warrior
 12459 | D:9      | Reached skill level 1 in Invocations
 12561 | D:9      | Found a transporter.
 12582 | D:9      | Noticed a two-headed ogre
 12599 | D:9      | Killed a two-headed ogre
 12634 | D:9      | Found a transporter.
 12695 | Lair:1   | Entered Level 1 of the Lair of Beasts
 12735 | Lair:1   | Reached XP level 12. HP: 20/64 MP: 6/15
 12739 | Lair:1   | Reached skill level 5 in Evocations
 12992 | Lair:1   | Reached skill level 5 in Invocations
 13468 | Lair:1   | Reached skill level 13 in Maces & Flails
 14661 | Lair:1   | Got The Arcane Secrets of Sorcery
 14855 | Lair:2   | Found a transporter.
 14899 | Lair:2   | Noticed anet's ghost (journeyman MiBe)
 14951 | Lair:2   | Reached skill level 14 in Maces & Flails
 15206 | Lair:2   | Found a transporter.
 15330 | Lair:2   | Found a staircase to the Snake Pit.
 15347 | Lair:2   | Reached XP level 13. HP: 53/68 MP: 13/17
 15439 | Lair:2   | Noticed Urug
 15454 | Lair:2   | Killed Urug
 16255 | Lair:2   | Found a staircase to the Shoals.
 16905 | Lair:3   | Noticed Sonja
 16934 | Lair:3   | Killed Sonja
 16935 | Lair:3   | Reached skill level 15 in Maces & Flails
 17067 | Lair:3   | Reached ***** piety under Makhleb
 17881 | Lair:3   | Reached skill level 16 in Maces & Flails
 18546 | Lair:4   | Reached skill level 5 in Fighting
 19061 | Lair:4   | Found a runed translucent door.
 19064 | Lair:4   | Noticed an acid blob
 19066 | Lair:4   | Found a staircase to the Slime Pits.
 19066 | Lair:4   | Noticed an acid blob
 19266 | Lair:4   | Reached XP level 14. HP: 82/82 MP: 18/18
 20358 | Lair:4   | Reached skill level 10 in Fighting
 20587 | Lair:5   | Entered Level 5 of the Lair of Beasts
 21030 | D:10     | Entered Level 10 of the Dungeon
 21504 | D:10     | Noticed Nergalle
 21520 | D:10     | Killed Nergalle
 21640 | D:10     | Found a basalt altar of Yredelemnul.
 22181 | D:11     | Noticed Psyche
 22184 | D:11     | Killed Psyche
 22435 | D:11     | Noticed Grum
 22446 | D:11     | Killed Grum
 22587 | D:11     | Found a gate leading to a gauntlet.
 22685 | D:11     | Noticed Erica
 22691 | D:11     | Killed Erica
 22801 | D:11     | Noticed Josephine
 22812 | D:11     | Killed Josephine
 23669 | D:12     | Reached skill level 10 in Evocations
 24102 | D:12     | Found a staircase to the Orcish Mines.
 24329 | Orc:1    | Entered Level 1 of the Orcish Mines
 24357 | D:12     | Reached XP level 15. HP: 80/93 MP: 15/19
 27165 | Lair:5   | Found the amulet of Vitality {RegenMP++ Regen++}
 27750 | D:6      | Bought the +5 chain mail of Insecurity {Stlth+} for 510
                  | gold pieces
 28115 | D:13     | Reached skill level 15 in Evocations
 28404 | D:13     | Found a transporter.
 28704 | D:13     | Found a gate to the Vaults.
 28955 | D:13     | Found a transporter.
 28958 | D:13     | Noticed a brown very ugly thing
 29064 | D:13     | Identified the ring "Bijeg" {+Blink rC- rCorr Int+3 SInv}
 29199 | Orc:1    | Reached XP level 16. HP: 85/99 MP: 20/20
 29985 | Orc:2    | Entered Level 2 of the Orcish Mines
 31065 | Orc:2    | Paralysed by an orc sorcerer for 5 turns
 31242 | Orc:2    | Found Huasad's General Store.
 31242 | Orc:2    | Found Aletrul's Book Shoppe.
 31246 | Orc:2    | Bought a scroll of butterflies for 64 gold pieces
 31246 | Orc:2    | Bought a scroll of teleportation for 48 gold pieces
 31246 | Orc:2    | Bought a potion of cancellation for 128 gold pieces
 31255 | Orc:2    | Found Xipnad's Antique Armour Shoppe.
 31256 | Orc:2    | Found Namoaso's Antique Weapon Emporium.
 31260 | Orc:2    | Bought a glowing chain mail for 150 gold pieces
 31365 | Orc:2    | Found Jothret's Overcharged Wands.
 31370 | Orc:2    | Bought a wand of light (18) for 1134 gold pieces
 31387 | Orc:2    | Found a staircase to the Elven Halls.
 31756 | D:14     | Noticed a frost giant
 31780 | D:14     | Killed a frost giant
 31854 | D:14     | HP: 2/99 [deep elf zephyrmancer/bolt of lightning (14)]
 31855 | D:14     | Shot with an arrow by a centaur warrior

Illustrated notes

Levels and vault maps discovered:
D:1:      psy_arrival_spokes, layout_basic, hex_tiny
D:2:      layout_basic, uniq_crazy_yiuf_cottage, uniq_jessica
D:3:      layout_basic, gammafunk_ghost_cemetery, kennysheep_generic_room_14
D:4:      minmay_razor_zed, layout_basic, mainiacjoe_overflow_surrounded_room,
          grunt_ministairs_7, minmay_misc_feat_tower, minmay_bisected,
          uniq_blork_the_orc, uniq_sigmund
D:5:      layout_gridville, nicolae_ossuary_entry_giza, uniq_menkaure,
          uniq_duvessa, uniq_pikel
D:6:      layout_basic, serial_shops, kennysheep_mini
D:7:      layout_cave_pods
D:8:      layout_basic
D:9:      layout_loops_ring, due_lair_maze_entry_diamond, special_room
          [special_room_orc], nicolae_transporter_intersection
D:10:     layout_basic, yredelemnul_forgotten_temple_becter, uniq_nergalle
D:11:     layout_grid_maze, gauntlet_entry_generic, nrook_mini_vaults,
          uniq_grum, uniq_erica, uniq_psyche, uniq_josephine
D:12:     layout_basic, erik_orc_1
D:13:     gammafunk_cloud_chamber, layout_loops_ring, grunt_vaults_entry_tiered
D:14:     minmay_connected_boxes_in_corner, layout_loops_cross,
          minmay_misc_feat_nine_boxes
Temple:   nicolae_temple_slightly_damp_pantheon
Lair:1:   dreamdust_isle_of_ice, layout_hall_layers, beast_lair_carwin_4
Lair:2:   layout_cave_pods, minmay_shoals_entry_hut,
          guppyfry_snake_entry_island, gammafunk_ghost_arena,
          nicolae_lair_grove_arrangements, infiniplex_staircase_pool_2,
          uniq_urug
Lair:3:   layout_cave_pods, chequers_serial_rivers_small_b,
          chequers_serial_rivers_small_a, serial_bayou_lake_a,
          grunt_megastairs_5, uniq_sonja
Lair:4:   layout_cave_pods, slime_entry_2
Lair:5:   evilmike_catoblepas_cave, layout_cave_pods,
          chequers_serial_rivers_marsh, pdpol_lair_neglected_garden,
          lemuel_old_faithful, serial_bayou_shore_a, grunt_megastairs_4
Orc:1:    layout_caves
Orc:2:    st_orc_congregation, layout_caves, nicolae_shop_overcharged_wands

Skill      XL: |  1  2  3  4  5  6  7  8  9 10 11 12 13 14 15 16 |
---------------+-------------------------------------------------+-----
Maces & Flails | 2 3 4 5 6 7 9 12 14 16 | 16.0
Armour         | 4 6 7 8 9 |  9.8
Shields        | 4 6 7 8 9 |  9.8
Invocations    | 4 5 |  5.6
Evocations     | 4 8 9 10 15 | 15.0
Fighting       | 7 10 | 10.9

Action                     |  1- 3 |  4- 6 |  7- 9 | 10-12 | 13-15 | 16-18 || total
---------------------------+-------+-------+-------+-------+-------+-------++-------
  Melee: Flail             |    82 |   129 |   397 |   602 |  1296 |   462 ||  2968
         Morningstar       |       |       |       |   123 |       |       ||   123
  Throw: Boomerang         |       |     2 |     6 |    29 |    24 |       ||    61
 Invoke: Lesser Servant of |       |       |       |     9 |    28 |    11 ||    48
         Minor Destruction |       |       |       |     2 |       |       ||     2
  Evoke: Wand              |       |       |     3 |     3 |    26 |    21 ||    53
    Use: Scroll            |     1 |     7 |     9 |     7 |     9 |       ||    33
         Potion            |       |     3 |     4 |     9 |    12 |     2 ||    30
   Stab: Invisible         |       |     2 |     1 |       |       |       ||     3
         Distracted        |       |       |       |     3 |     6 |       ||     9
         Petrified         |       |       |       |       |     6 |       ||     6
 Armour: Scale mail        |    23 |    35 |       |       |       |       ||    58
         Chain mail        |       |    11 |   143 |   194 |   551 |   226 ||  1125
  Dodge: Dodged            |    37 |    57 |    78 |   122 |   250 |    99 ||   643
  Block: Buckler           |    17 |    15 |       |       |       |       ||    32
         Kite shield       |       |    18 |   210 |   385 |   769 |   439 ||  1821

Table legend: (Time is in decaauts)
 A = Elapsed time spent in this place.
 B = Non-inter-level travel time spent in this place.
 C = Inter-level travel time spent in this place.
 D = Time resting spent in this place.
 E = Time spent auto-exploring this place.
 F = Levels seen in this place.
 G = Mean time per level.
                   A        B        C        D        E       F      G
               +--------+--------+--------+--------+--------+-----+--------+
         Total |  32034 |  30103 |   1931 |   8243 |  14742 |  23 | 1392.8 |
       Dungeon |  17739 |  16364 |   1375 |   3826 |   8542 |  14 | 1267.1 |
        Temple |    438 |    419 |     19 |      0 |    390 |   1 |  438.0 |
          Lair |  11439 |  10983 |    456 |   3916 |   4933 |   5 | 2287.8 |
  Orcish Mines |   1852 |   1772 |     80 |    240 |    748 |   2 |  926.0 |
       Ossuary |    564 |    564 |      0 |    261 |    129 |   1 |  564.0 |
               +--------+--------+--------+--------+--------+-----+--------+

Top non-repeatable levels by time:
  Lair:4: 2822 daAuts
  Lair:5: 2493 daAuts
     D:6: 2335 daAuts
  Lair:1: 2239 daAuts
  Lair:3: 2069 daAuts
    D:12: 2031 daAuts
     D:9: 1932 daAuts
  Lair:2: 1815 daAuts
     D:3: 1565 daAuts
     D:4: 1484 daAuts
    D:11: 1298 daAuts
     D:7: 1260 daAuts
    D:13: 1209 daAuts
     D:5: 1137 daAuts
     D:2: 992 daAuts
